[ AOE2 MATCH · #504763420 ]
UnrankedFranks vs Burmese
Player's team · LOSS
Rival team · WIN
[ REPLAY ANALYSIS · EXTRACTED FROM THE RECORDED GAME ]
Feudal
12:21
Castle
—
Imperial
—
| APM avg | 88.3 |
| APM peak | 163 |
| eAPM avg | 29.6 |
| Villagers / military | 48 / 27 |
Focus
⚔️ 29.2% · 🌾 70.8%
Archer ×16 · Militia ×6 · Scout Cavalry ×5
Feudal
13:23
Castle
23:40
Imperial
—
| APM avg | 54.2 |
| APM peak | 100 |
| eAPM avg | 24.5 |
| Villagers / military | 46 / 17 |
Focus
⚔️ 33.2% · 🌾 66.8%
Skirmisher ×7 · Militia ×4 · Archer ×3 · Knight ×2 · Spearman ×1
Match map
Initial resources + every placement click. Lines = walls · curves = elevation contours. ◆ gold · ⬟ stone · ● berries · ✦ relic · ◌ wall gap
Your base· Open — 4t gap
Harty's base· ✓ Closed at 23:40 · 54t walls · 2 gate(s)
Smoothed initial terrain · ◌ = detected wall gap · hover for details
Inputs per minute
— Gil-galad - - Harty
Build order — Gil-galad
143 actions detected in the replay
| 0:00 | Create | Villager (Male) |
| 0:00 | Create | Villager (Male) |
| 0:01 | Create | Villager (Male) |
| 0:01 | Create | Villager (Male) |
| 0:03 | Build | House |
| 0:04 | Build | House |
| 1:33 | Create | Villager (Male) |
| 2:02 | Create | Villager (Male) |
| 2:11 | Build | Lumber Camp |
| 2:19 | Create | Villager (Male) |
| 2:19 | Create | Villager (Male) |
| 2:52 | Create | Villager (Male) |
| 3:01 | Create | Villager (Male) |
| 3:41 | Create | Villager (Male) |
| 3:53 | Build | House |
| 3:59 | Create | Villager (Male) |
| 4:33 | Create | Villager (Male) |
| 4:46 | Build | Barracks |
| 5:05 | Create | Villager (Male) |
| 5:08 | Create | Villager (Male) |
| 5:08 | Create | Villager (Male) |
| 5:21 | Build | House |
| 5:40 | Create | Militia |
| 5:40 | Create | Militia |
| 6:09 | Create | Villager (Male) |
| 6:22 | Build | Mill |
| 6:25 | Create | Militia |
| 6:41 | Create | Villager (Male) |
| 6:55 | Build | House |
| 7:12 | Create | Villager (Male) |
| 7:36 | Create | Villager (Male) |
| 8:37 | Create | Villager (Male) |
| 9:00 | Create | Villager (Male) |
| 9:27 | Build | Palisade Wall |
| 9:28 | Build | Palisade Wall |
| 9:30 | Build | Palisade Wall |
| 9:40 | Research | Loom |
| 10:11 | Research | Feudal Age |
| 10:11 | Research | Feudal Age |
| 10:16 | Build | Lumber Camp |
| 10:32 | Create | Villager (Male) |
| 10:37 | Build | Mining Camp |
| 10:41 | Build | Palisade Wall |
| 10:51 | Build | Palisade Gate |
| 11:07 | Build | Palisade Wall |
| 11:10 | Build | Palisade Wall |
| 11:12 | Create | Villager (Male) |
| 11:27 | Build | House |
| 11:33 | Build | Palisade Gate |
| 11:44 | Create | Militia |
| 11:48 | Create | Villager (Male) |
| 11:57 | Build | Palisade Wall |
| 11:58 | Build | Palisade Wall |
| 12:04 | Build | Farm |
| 12:06 | Create | Militia |
| 12:21 | Age | Feudal Age |
| 12:23 | Create | Militia |
| 12:26 | Build | Archery Range |
| 12:34 | Create | Villager (Male) |
| 12:39 | Research | Double-Bit Axe |
| 13:07 | Research | Man-at-Arms (upgrade) |
| 13:13 | Build | Farm |
| 13:14 | Build | Farm |
| 13:19 | Create | Villager (Male) |
| 13:24 | Create | Archer |
| 13:42 | Build | Farm |
| 13:43 | Create | Villager (Male) |
| 13:54 | Create | Archer |
| 14:00 | Build | Farm |
| 14:09 | Create | Villager (Male) |
| 14:14 | Build | Farm |
| 14:36 | Create | Villager (Male) |
| 14:54 | Build | House |
| 14:55 | Build | House |
| 14:58 | Build | Palisade Wall |
| 14:59 | Build | Palisade Wall |
| 15:01 | Create | Villager (Male) |
| 15:02 | Create | Archer |
| 15:09 | Create | Archer |
| 15:13 | Build | Palisade Gate |
| 15:17 | Build | House |
| 15:36 | Create | Archer |
| 16:06 | Build | Palisade Wall |
| 16:15 | Build | Blacksmith |
| 16:27 | Create | Villager (Male) |
| 16:36 | Build | Palisade Wall |
| 16:42 | Create | Archer |
| 16:55 | Create | Villager (Male) |
| 16:56 | Create | Archer |
| 17:12 | Create | Villager (Male) |
| 17:19 | Build | Farm |
| 17:26 | Build | Farm |
| 17:28 | Build | Farm |
| 17:31 | Build | Farm |
| 17:46 | Create | Villager (Male) |
| 17:53 | Build | Palisade Wall |
| 17:55 | Build | Palisade Wall |
| 18:02 | Build | Palisade Wall |
| 18:07 | Build | House |
| 18:13 | Create | Villager (Male) |
| 18:14 | Create | Archer |
| 18:18 | Build | Palisade Gate |
| 18:19 | Build | Palisade Wall |
| 18:22 | Build | Farm |
| 18:34 | Research | Fletching |
| 18:43 | Build | Farm |
| 18:50 | Create | Villager (Male) |
| 18:55 | Build | Farm |
| 18:59 | Create | Villager (Male) |
| 19:29 | Create | Villager (Male) |
| 19:30 | Create | Archer |
| 19:33 | Build | Farm |
| 19:35 | Build | Farm |
| 19:58 | Create | Villager (Male) |
| 20:07 | Create | Villager (Male) |
| 20:10 | Create | Archer |
| 20:26 | Build | Stable |
| 20:36 | Research | Scale Barding Armor |
| 20:37 | Create | Villager (Male) |
| 20:44 | Build | House |
| 20:50 | Build | Farm |
| 20:52 | Build | Farm |
| 21:11 | Create | Archer |
| 21:11 | Create | Villager (Male) |
| 21:13 | Create | Scout Cavalry |
| 21:13 | Create | Scout Cavalry |
| 21:21 | Create | Villager (Male) |
| 21:24 | Build | Farm |
| 21:42 | Create | Archer |
| 21:43 | Create | Scout Cavalry |
| 21:43 | Create | Scout Cavalry |
| 21:59 | Create | Scout Cavalry |
| 22:36 | Create | Villager (Male) |
| 22:47 | Create | Archer |
| 22:47 | Create | Villager (Male) |
| 22:58 | Create | Archer |
| 23:02 | Build | Market |
| 23:04 | Build | Lumber Camp |
| 23:25 | Create | Villager (Male) |
| 23:27 | Create | Archer |
| 23:31 | Build | Archery Range |
| 23:39 | Create | Archer |
| 23:41 | Create | Villager (Male) |
Build order — Harty
139 actions detected in the replay
| 0:00 | Create | Villager (Male) |
| 0:00 | Create | Villager (Male) |
| 0:01 | Create | Villager (Male) |
| 0:01 | Build | House |
| 0:02 | Build | House |
| 0:06 | Create | Villager (Male) |
| 1:26 | Create | Villager (Male) |
| 1:42 | Build | Lumber Camp |
| 2:02 | Create | Villager (Male) |
| 2:14 | Create | Villager (Male) |
| 2:44 | Create | Villager (Male) |
| 3:04 | Create | Villager (Male) |
| 3:40 | Create | Villager (Male) |
| 3:47 | Build | House |
| 3:48 | Build | House |
| 4:14 | Create | Villager (Male) |
| 4:21 | Create | Villager (Male) |
| 4:41 | Create | Villager (Male) |
| 4:42 | Create | Villager (Male) |
| 5:01 | Build | Palisade Wall |
| 5:24 | Build | Barracks |
| 5:46 | Create | Villager (Male) |
| 6:12 | Create | Militia |
| 6:12 | Create | Militia |
| 6:21 | Create | Villager (Male) |
| 6:41 | Build | Mill |
| 6:42 | Create | Villager (Male) |
| 6:55 | Create | Villager (Male) |
| 7:25 | Research | Loom |
| 7:30 | Create | Villager (Male) |
| 7:43 | Build | House |
| 7:46 | Build | Palisade Wall |
| 7:49 | Create | Villager (Male) |
| 8:04 | Research | Loom |
| 8:20 | Create | Villager (Male) |
| 8:24 | Build | Palisade Wall |
| 8:28 | Build | Palisade Wall |
| 8:30 | Create | Villager (Male) |
| 9:01 | Build | Mill |
| 9:22 | Create | Villager (Male) |
| 9:31 | Create | Villager (Male) |
| 9:56 | Build | Palisade Wall |
| 10:19 | Create | Villager (Male) |
| 10:34 | Build | Farm |
| 10:38 | Build | Farm |
| 10:39 | Create | Villager (Male) |
| 10:46 | Create | Villager (Male) |
| 10:47 | Build | Farm |
| 10:49 | Build | House |
| 11:13 | Research | Feudal Age |
| 11:13 | Research | Feudal Age |
| 11:16 | Build | Mining Camp |
| 11:22 | Build | Farm |
| 11:44 | Build | Lumber Camp |
| 12:11 | Build | Farm |
| 12:16 | Create | Militia |
| 12:40 | Create | Militia |
| 13:16 | Build | Farm |
| 13:21 | Build | House |
| 13:23 | Age | Feudal Age |
| 13:24 | Build | Palisade Wall |
| 13:24 | Build | Palisade Wall |
| 13:27 | Create | Villager (Male) |
| 13:28 | Build | Archery Range |
| 13:29 | Build | Palisade Wall |
| 13:38 | Research | Man-at-Arms (upgrade) |
| 13:49 | Build | Farm |
| 13:52 | Create | Villager (Male) |
| 14:00 | Build | House |
| 14:01 | Build | Palisade Wall |
| 14:04 | Build | Palisade Wall |
| 14:09 | Create | Villager (Male) |
| 14:39 | Create | Villager (Male) |
| 14:49 | Create | Villager (Male) |
| 15:06 | Create | Archer |
| 15:24 | Create | Villager (Male) |
| 15:32 | Create | Villager (Male) |
| 15:33 | Build | Farm |
| 15:34 | Build | Farm |
| 15:36 | Research | Horse Collar |
| 15:53 | Create | Villager (Male) |
| 15:56 | Create | Skirmisher |
| 16:05 | Create | Villager (Male) |
| 16:21 | Create | Villager (Male) |
| 16:27 | Create | Villager (Male) |
| 16:38 | Create | Villager (Male) |
| 16:41 | Build | Farm |
| 16:43 | Create | Archer |
| 16:44 | Build | Farm |
| 16:45 | Build | Farm |
| 16:50 | Build | Palisade Gate |
| 16:52 | Create | Villager (Male) |
| 17:02 | Create | Skirmisher |
| 17:06 | Build | Lumber Camp |
| 17:07 | Build | Farm |
| 17:24 | Build | Farm |
| 17:24 | Build | Farm |
| 17:25 | Build | Farm |
| 17:27 | Build | Farm |
| 17:29 | Create | Villager (Male) |
| 17:36 | Create | Skirmisher |
| 17:54 | Build | Palisade Gate |
| 18:04 | Build | Palisade Gate |
| 18:06 | Build | Palisade Wall |
| 18:15 | Build | Farm |
| 18:20 | Build | Palisade Wall |
| 18:24 | Build | Farm |
| 18:25 | Create | Villager (Male) |
| 18:34 | Build | Blacksmith |
| 18:45 | Create | Skirmisher |
| 19:01 | Build | Farm |
| 19:14 | Create | Skirmisher |
| 19:15 | Create | Villager (Male) |
| 19:37 | Build | House |
| 19:43 | Research | Fletching |
| 19:46 | Build | House |
| 19:48 | Research | Padded Archer Armor |
| 19:55 | Create | Skirmisher |
| 19:56 | Create | Villager (Male) |
| 20:02 | Create | Archer |
| 20:08 | Build | House |
| 20:14 | Build | Market |
| 20:16 | Build | Farm |
| 20:19 | Build | Farm |
| 20:24 | Create | Villager (Male) |
| 20:33 | Create | Skirmisher |
| 21:00 | Research | Castle Age |
| 21:01 | Research | Castle Age |
| 21:03 | Build | Stable |
| 21:08 | Build | Stable |
| 21:53 | Research | Scale Barding Armor |
| 22:17 | Research | Bloodlines |
| 22:57 | Create | Spearman |
| 23:40 | Age | Castle Age |
| 23:41 | Build | Town Center |
| 23:42 | Create | Knight |
| 23:43 | Create | Knight |
| 23:43 | Research | Forging |
| 23:45 | Create | Villager (Male) |
Match timeline
| 4:46 | Gil-galad · first_building Barracks |
| 5:01 | Harty · wall_segment Palisade Wall x1 |
| 5:24 | Harty · first_building Barracks |
| 7:46 | Harty · wall_segment Palisade Wall x6 |
| 8:24 | Harty · wall_segment Palisade Wall x2 |
| 8:28 | Harty · wall_segment Palisade Wall x2 |
| 9:27 | Gil-galad · wall_segment Palisade Wall x1 |
| 9:28 | Gil-galad · wall_segment Palisade Wall x1 |
| 9:30 | Gil-galad · wall_segment Palisade Wall x1 |
| 9:56 | Harty · wall_segment Palisade Wall x1 |
| 10:41 | Gil-galad · wall_segment Palisade Wall x5 |
| 11:07 | Gil-galad · wall_segment Palisade Wall x6 |
| 11:10 | Gil-galad · wall_segment Palisade Wall x8 |
| 11:57 | Gil-galad · wall_segment Palisade Wall x1 |
| 11:58 | Gil-galad · wall_segment Palisade Wall x1 |
| 12:21 | Gil-galad · age_up feudal |
| 12:26 | Gil-galad · first_building Archery Range |
| 13:23 | Harty · age_up feudal |
| 13:24 | Harty · wall_segment Palisade Wall x13 |
| 13:24 | Harty · wall_segment Palisade Wall x11 |
| 13:28 | Harty · first_building Archery Range |
| 13:29 | Harty · wall_segment Palisade Wall x1 |
| 14:01 | Harty · wall_segment Palisade Wall x11 |
| 14:04 | Harty · wall_segment Palisade Wall x6 |
| 14:58 | Gil-galad · wall_segment Palisade Wall x1 |
| 14:59 | Gil-galad · wall_segment Palisade Wall x1 |
| 16:06 | Gil-galad · wall_segment Palisade Wall x6 |
| 16:36 | Gil-galad · wall_segment Palisade Wall x1 |
| 17:53 | Gil-galad · wall_segment Palisade Wall x4 |
| 17:55 | Gil-galad · wall_segment Palisade Wall x12 |
| 18:02 | Gil-galad · wall_segment Palisade Wall x15 |
| 18:06 | Harty · wall_segment Palisade Wall x2 |
| 18:19 | Gil-galad · wall_segment Palisade Wall x1 |
| 18:20 | Harty · wall_segment Palisade Wall x1 |
| 20:26 | Gil-galad · first_building Stable |
| 21:03 | Harty · first_building Stable |
| 23:40 | Harty · age_up castle |
| 23:47 | Gil-galad · resign |
[ AI ANALYSIS · 1 CREDIT ]
What really happened in this match?
Wolo.gg analyzes every decision: build order, eco, micro, common mistakes by bracket. Personalized analysis on WhatsApp or Discord in 30 seconds.
Civ guide
Franks
Perfil
Jugador #322559